 Dungeon Crawl Stone Soup version 0.21-a0-633-g4c047d5 (webtiles) character file.

14 shenanigans the Charmwright (level 2, 0/23 HPs)
             Began as a Barachi Skald on Dec 28, 2017.
             Slain by an adder (4 damage)
             ... on level 2 of the Dungeon.
             The game lasted 00:01:55 (699 turns).

shenanigans the Charmwright (Barachi Skald)          Turns: 699, Time: 00:01:55

Health: 0/23       AC: 10    Str: 12    XL:     2   Next: 45%
Magic:  5/5        EV:  3    Int: 13    God:
Gold:   52         SH:  0    Dex: 11    Spells: 4/5 levels left

rFire    . . .     SeeInvis .   j - +1 short sword (speed)
rCold    . . .     Gourm    .   (no shield)
rNeg     . . .     Faith    .   i - +0 plate armour
rPois    .         Spirit   .   (no helmet)
rElec    .         Reflect  .   (no cloak)
rCorr    .         Harm     .   (no gloves)
MR       .....                  (no boots)
Stlth    ..........             (no amulet)
HPRegen  0.07/turn              (no ring)
MPRegen  0.09/turn              (no ring)

@: lethally poisoned (0 -> -1), slow
A: +LOS, swims, slowness 1, strong legs 1
a: Hop


You were on level 2 of the Dungeon.
You were not hungry.

You visited 1 branch of the dungeon, and saw 2 of its levels.

You collected 52 gold pieces.

Inventory:

Hand Weapons
 a - a +0 hand axe
 j - a +1 short sword of speed (weapon)
Armour
 b - a +0 leather armour
 f - a +0 chain mail
 i - a +0 plate armour (worn)
Scrolls
 e - 2 scrolls of identify {unknown}
 g - 2 scrolls of remove curse {unknown}
 h - a scroll of fear {unknown}
Books
 c - a book of Battle

   Spells                             Type                      Level
   a - Infusion                       Charms                       1
   b - Shroud of Golubria             Charms/Translocation         2
   c - Song of Slaying                Charms                       2
   d - Spectral Weapon                Hexes/Charms                 3
   e - Regeneration                   Charms/Necromancy            3
Comestibles
 d - 2 rations


   Skills:
 + Level 2.8 Fighting
 + Level 2.5 Axes
 + Level 1.8 Armour
 + Level 2.5 Dodging
 - Level 2.1 Spellcasting
 - Level 3.2 Charms


You had 4 spell levels left.
You knew the following spells:

 Your Spells              Type           Power        Failure   Level  Hunger
a - Infusion              Chrm           #...         100%        1    ##.....


Dungeon Overview and Level Annotations

Branches:
Dungeon (1/15)

Altars:


Innate Abilities, Weirdness & Mutations

Shadows flee at your approach. (+LOS)
You can swim through water.
You cover ground slowly.
You can hop short distances.


Message History

Your plate armour prevents you from hitting the adder.
The adder is severely wounded.
The bat hits you but does no damage. The adder bites you but does no damage.
Your plate armour prevents you from hitting the adder.
The adder is severely wounded.
The bat hits you but does no damage. The adder barely misses you.
You aren't carrying any potions.
Your plate armour prevents you from hitting the adder.
The adder is severely wounded.
The bat hits you but does no damage. x2
The adder bites you but does no damage.
You barely miss the adder.
The adder is severely wounded.
The bat hits you but does no damage. The adder bites you.
* * * LOW HITPOINT WARNING * * *
The bat hits you but does no damage.
You miss the adder.
The adder is severely wounded.
You feel sick. The adder bites you.
You die...

...## #.#.#.##.#.##
.... ###_####.#.##
#.###.### #.....
#..##..#####[....
##............#.##
##.###..#...######.#.##
#.KS..K(.†### #...##
#...##S#.....# #..###
.. #@#.....# #..###
.....%..b......# #.....
#...#....#.....# #..###
# ............# #.##
#......######## #.#
####.### .. #.# #. #.
#.# #. #.##.###K# #.
#........#


You could see an adder, a bat and a kobold.

Vanquished Creatures
  A ball python (D:2)
  A bat (D:1)
  2 goblins (D:1)
  2 hobgoblins
  4 jackals (D:1)
  A kobold (D:2)
11 creatures vanquished.

Vanquished Creatures (others)
  A kobold (D:2)
1 creature vanquished.

Grand Total: 12 creatures vanquished

Notes
Turn   | Place    | Note
-------+----------+-------------------------------------------
     0 | D:1      | shenanigans the Barachi Skald began the quest for the Orb.
     0 | D:1      | Reached XP level 1. HP: 17/17 MP: 3/3
   191 | D:1      | Reached XP level 2. HP: 19/23 MP: 5/5
   435 | D:1      | You fall through a shaft!
   633 | D:2      | Found a faded altar of an unknown god.
   699 | D:2      | Slain by an adder

Vault maps used:
D:1:      moated_graveyard_arrival, st_stairs_1
D:2:      chequers_ecumenical_altar_grove, lemuel_old_faithful

Action                   || total
-------------------------++-------
Melee: Hand axe          ||    63
       Short sword       ||    23
Armor: Chain mail        ||    39
       Plate armour      ||    39
Dodge: Dodged            ||    21

Table legend:
 A = Spawn XP
 B = Non-spawn XP
 C = Spawn XP percentage of total XP
 D = Spawn monster count
 E = Non-spawn monster count
 F = Spawn count percentage of total count
 G = Total turns spent on level
                    A         B        C        D         E        F      G
               +---------+---------+-------+---------+---------+-------+---------
         Total |       0 |      21 |   0.0 |       0 |      11 |   0.0 |   699
               +---------+---------+-------+---------+---------+-------+---------
           D:1 |       0 |      16 |   0.0 |       0 |       8 |   0.0 |   435
           D:2 |       0 |       5 |   0.0 |       0 |       3 |   0.0 |   264
               +---------+---------+-------+---------+---------+-------+---------
